 Dungeon Crawl Stone Soup version 0.28-a0-1152-g9c71ebef14 (webtiles) character file.

Game seed: 10883956195274035294

8 PerfectHorizon the Grave Robber (level 2, 0/15 HPs)
             Began as a Deep Elf Necromancer on Dec 14, 2021.
             Was an Initiate of Zin (penitent).
             Slain by a hobgoblin (2 damage)
             ... on level 1 of the Dungeon.
             The game lasted 00:09:57 (834 turns).

PerfectHorizon the Grave Robber (DENe)               Turns: 834, Time: 00:09:57

Health: 0/15       AC:  2    Str:  5    XL:     2   Next: 0%
Magic:  8/8        EV: 13    Int: 19    God:    Zin [*]
Gold:   20         SH:  0    Dex: 21    Spells: 5/7 levels left

rFire   . . .      SeeInvis .   (no weapon)
rCold   . . .      Faith    .   (no shield)
rNeg    . . .      Spirit   .   a - +0 robe
rPois   .          Reflect  .   (no helmet)
rElec   .          Harm     .   (no cloak)
rCorr   .          Rampage  .   (no gloves)
Will    .....                   (no boots)
Stlth   ++........              (no amulet)
HPRegen 0.05/turn               c - +6 ring of dexterity
MPRegen 0.11/turn               (no ring)

@: no status effects
A: no striking features
a: Renounce Religion, Donate Gold


You were on level 1 of the Dungeon.
You worshipped Zin.
Zin was demanding penance.
You visited 1 branch of the dungeon, and saw 1 of its levels.

You collected 22 gold pieces.
You donated 2 gold pieces to Zin.

Inventory:

Armour
 a - a +0 robe (worn)
Jewellery
 c - a +6 ring of dexterity (left hand)
Scrolls
 d - 2 scrolls of fear
Potions
 b - a potion of heal wounds


   Skills:
 - Level 2.4 Dodging
 - Level 2.4 Stealth
 + Level 3.2 Spellcasting
 + Level 5.3 Necromancy


You had 5 spell levels left.
You knew the following spells:

 Your Spells              Type           Power      Damage    Failure   Level
a - Pain                  Necr           92%        1d8       1%          1
b - Animate Skeleton      Necr           46%        N/A       1%          1

Your spell library contained the following spells:

 Spells                   Type           Power      Damage    Failure   Level
 Vampiric Draining        Necr           23%        2d7       4%          3
 Slow                     Hex            12%        N/A       16%         1
 Animate Dead             Necr           11%        N/A       17%         4
 Confusing Touch          Hex            3%         N/A       41%         3
 Agony                    Necr           23%        N/A       43%         5
 Yara's Violent Unravell  Hex/Tmut       1%         3d3       99%         5


Dungeon Overview and Level Annotations

Branches:
Dungeon (1/15)

Altars:
Zin


Message History

Confirm with . or Enter, or press ? or * to list all spells.
You don't know that spell.
Casting: Pain (safe; 1% risk of failure)
Confirm with . or Enter, or press ? or * to list all spells.
You don't know that spell.
Casting: Pain (safe; 1% risk of failure)
Confirm with . or Enter, or press ? or * to list all spells.
You don't know that spell.
Unknown command.
Unknown command.
Unknown command.
Unknown command.
The hobgoblin barely misses you. The hobgoblin misses you.
The hobgoblin barely misses you. The hobgoblin hits you.
The hobgoblin closely misses you. The hobgoblin closely misses you.
The hobgoblin hits you.
The hobgoblin hits you but does no damage.
The hobgoblin closely misses you. The hobgoblin closely misses you.
The hobgoblin misses you. The hobgoblin barely misses you.
The hobgoblin hits you. The hobgoblin hits you. The hobgoblin hits you.
* * * LOW HITPOINT WARNING * * *
The hobgoblin barely misses you. The hobgoblin closely misses you.
The hobgoblin closely misses you. The hobgoblin hits you.
Zin protects you from harm!
The hobgoblin hits you but does no damage.
The hobgoblin closely misses you. The hobgoblin misses you.
The hobgoblin closely misses you. The hobgoblin barely misses you.
The hobgoblin hits you.
You die...

#.. #.# #.# #.# ###.#
##...# ##....#
##.....# #####
##...##@#
#...####...##..g....#
###.......####......$.
#....._># ####.#.#.
#.......## .# #
######...## # #...
#####...### ...#
....##....# #..#
.....##...###.# #..#


You could see a hobgoblin.

Vanquished Creatures
  A giant cockroach (D:1)
  A goblin (D:1)
  2 quokkas (D:1)
  A frilled lizard (D:1)
  3 kobolds (D:1)
8 creatures vanquished.

Notes
Turn   | Place    | Note
-------+----------+-------------------------------------------
     0 | D:1      | PerfectHorizon the Deep Elf Necromancer began the quest for
                  | the Orb.
     0 | D:1      | Reached XP level 1. HP: 10/10 MP: 6/6
    63 | D:1      | Learned a level 1 spell: Animate Skeleton
   202 | D:1      | Reached skill level 5 in Necromancy
   551 | D:1      | Reached XP level 2. HP: 11/15 MP: 4/8
   758 | D:1      | Found a faded altar of an unknown god.
   782 | D:1      | Prayed at the altar of an unknown god.
   782 | D:1      | Became a worshipper of Zin the Law-Giver
   782 | D:1      | Reached * piety under Zin
   783 | D:1      | Identified a scroll of acquirement
   783 | D:1      | Acquired a +6 ring of dexterity
   806 | D:1      | Was placed under penance by Zin
   828 | D:1      | Zin protects you from harm!
   834 | D:1      | Slain by a hobgoblin

Illustrated notes

Levels and vault maps discovered:
D:1:      shiori_arrival_elements, layout_basic,
          hellmonk_ecumenical_altar_crossroads

Skill      XL: |  1 |
---------------+----+-----
Necromancy     | 5 |  5.3
Dodging        | |  2.4
Stealth        | |  2.4
Spellcasting   | |  3.2

Action                   || total
-------------------------++-------
 Cast: Pain              ||    14
       Animate Skeleton  ||     2
  Use: Scroll            ||     3
       Potion            ||     1
Armor: Robe              ||     2
Dodge: Dodged            ||    17

Table legend: (Time is in decaauts)
 A = Elapsed time spent in this place.
 B = Non-inter-level travel time spent in this place.
 C = Inter-level travel time spent in this place.
 D = Time resting spent in this place.
 E = Time spent auto-exploring this place.
 F = Levels seen in this place.
 G = Mean time per level.
                   A        B        C        D        E       F      G
               +--------+--------+--------+--------+--------+-----+--------+
         Total |    833 |    827 |      6 |      0 |    549 |   1 |  833.0 |
       Dungeon |    833 |    827 |      6 |      0 |    549 |   1 |  833.0 |
               +--------+--------+--------+--------+--------+-----+--------+

Top non-repeatable levels by time:
     D:1: 833 daAuts
